 Dungeon Crawl Stone Soup version 0.17.1-3-g152610e (webtiles) character file.

4570 kaze the Nimble (level 10, 0/98 HPs)
             Began as a Troll Berserker on Mar 9, 2016.
             Was an Elder of Trog.
             Slain by an unseen horror (3 damage)
             ... on level 8 of the Dungeon.
             The game lasted 00:20:48 (6104 turns).

kaze the Nimble (Troll Berserker)                   Turns: 6104, Time: 00:20:48

Health: 0/98       AC:  8    Str: 30    XL:     10   Next: 18%
Magic:  9/9        EV: 12    Int:  6    God:    Trog [****..]
Gold:   404        SH:  0    Dex:  9    Spells: 0 memorised, 9 levels left

rFire  . . .     SeeInvis .     F - +4 dire flail (crush)
rCold  + + .     Clarity  .     x - +2 robe {rC+}
rNeg   . . .     SustAt   .     (shield currently unavailable)
rPois  .         Gourm    +     (helmet restricted)
rElec  .         Spirit   .     g - +0 cloak
rCorr  .         Warding  .     (gloves unavailable)
rMut   .         Stasis   .     (boots unavailable)
MR     ++...                    (no amulet)
Stlth  +.........               s - ring of protection from cold
                                k - +3 ring of intelligence

@: regenerating, very resistant to hostile enchantments, very unstealthy
A: unfitting armour, claws 3, fast metabolism 3, gourmand, regeneration 2,
shaggy fur 1, tough skin 2
a: Berserk, Trog's Hand, Brothers in Arms, Burn Spellbooks, Renounce Religion


You were on level 8 of the Dungeon.
You worshipped Trog.
Trog was greatly pleased with you.
You were very full.

You visited 1 branch of the dungeon, and saw 8 of its levels.
You also visited: Sewer.

You collected 404 gold pieces.

Inventory:

Hand Weapons
 A - the +2 great sword of Ituhiz {holy, rPois Dex+3}
   (You found it on level 4 of the Dungeon)

   It has been blessed by the Shining One to cause great damage to the undead
   and demons.
   It affects your dexterity (+3).
   It protects you from poison.
 F - a +4 dire flail of crushing (weapon)
Missiles
 r - 9 tomahawks (quivered)
 E - 7 poisoned tomahawks
Armour
 a - a +1 animal skin
 g - a +0 cloak (worn)
 x - a +2 robe of cold resistance (worn)
Jewellery
 k - a +3 ring of intelligence (left claw)
 s - a ring of protection from cold (right claw)
Scrolls
 e - a scroll of fog
 h - a scroll of fear {unknown}
 i - a scroll of identify
 t - 4 scrolls of teleportation
 v - a scroll of noise {unknown}
 y - a scroll of blinking
Potions
 c - 2 potions of cancellation
 f - 2 potions of magic
 l - 2 potions of heal wounds {unknown}
 m - 2 potions of flight {unknown}
 n - 2 potions of agility {unknown}
 o - 2 potions of haste {unknown}
 q - a potion of brilliance {unknown}
 u - 2 potions of curing {unknown}
 z - 2 potions of lignification {unknown}
 C - a potion of invisibility {unknown}
 D - a potion of might {unknown}
Comestibles
 b - 3 bread rations
 d - a slice of pizza
 j - 2 meat rations
 p - 3 fruits
 w - a beef jerky
 B - 2 chunks of flesh
 G - a royal jelly


   Skills:
 + Level 6.2 Fighting
 + Level 3.8 Long Blades
 + Level 2.6 Maces & Flails
 + Level 8.9 Dodging
 - Level 1.0 Stealth
 + Level 6.6 Unarmed Combat


You had 9 spell levels left.
You didn't know any spells.

Dungeon Overview and Level Annotations

Branches:
Dungeon (8/15)             Temple (0/1) D:5
   Lair: D:8-11

Altars:
Qazlal
Ru


Innate Abilities, Weirdness & Mutations

You are too large for most types of armour.
You have claws for hands.
Your metabolism is lightning-fast.
You like to eat raw meat.
You heal very quickly.
You are covered in fur (AC +1).
You have very tough skin (AC +2).


Message History

Something hits you but does no damage. Something hits you! Something hits you!
Something hits you.
You completely miss something. Something hits you. Something hits you.
* * * LOW HITPOINT WARNING * * *
Something hits you!
* * * LOW HITPOINT WARNING * * *
Something hits you.
* * * LOW HITPOINT WARNING * * *
Your skin crawls.
You feel resistant to hostile enchantments.
You feel slightly less full. Something hits you.
* * * LOW HITPOINT WARNING * * *
Something hits you.
* * * LOW HITPOINT WARNING * * *
Something hits you.
* * * LOW HITPOINT WARNING * * *
Something hits you but does no damage. Something hits you.
You die...

#..#........#
##..##.......#
#..########### #..#
##.#######
#..##....### #
###......... ###
#.......... ###..
##..@....... ###....
#........... #.).#..
##..........
#).##...
#.............##....
#............# #....
#.........#.. .....
##........... #.....
##......... ......
##....##>. ..#


There were no monsters in sight!

Vanquished Creatures
  Pikel (D:5)
  Grinder (D:4)
  Sigmund (D:3)
  Eustachio (D:4)
  3 hippogriffs
  Menkaure (D:5)
  Edmund (D:5)
  Duvessa (D:4)
  2 ice beasts
  2 phantoms
  A sky beast (D:5)
  2 orc warriors
  A wasp (D:7)
  A necrophage (D:4)
  2 ogres
  Blork the orc (D:4)
  A giant frog (D:8)
  A big kobold (Sewer)
  A water moccasin zombie (D:6)
  3 wights (D:6)
  Dowan (D:4)
  2 scorpions
  5 crimson imps
  4 hounds
  A quasit (D:8)
  A giant frog zombie (D:5)
  5 orc priests
  2 jellies
  Jessica (D:3)
  5 orc wizards
  2 giant frog skeletons (D:8)
  3 iguanas
  10 worker ants
  Robin (D:3)
  4 river rats
  6 adders
  4 oozes
  2 adder skeletons
  3 worms
  8 giant geckos
  33 orcs
  12 hobgoblins
  13 jackals
  8 kobolds
  A ball python (D:5)
  2 bats
  4 giant cockroaches
  3 giant gecko skeletons
  4 giant newts
  11 goblins
  A quokka (D:5)
  10 rats
200 creatures vanquished.

Vanquished Creatures (others)
  A giant cockroach (D:5)
1 creature vanquished.

Grand Total: 201 creatures vanquished

Notes
Turn   | Place    | Note
--------------------------------------------------------------
     0 | D:1      | kaze the Troll Berserker began the quest for the Orb.
     0 | D:1      | Reached XP level 1. HP: 22/22 MP: 0/0
   440 | D:1      | Reached XP level 2. HP: 29/29 MP: 1/1
   929 | D:2      | Reached XP level 3. HP: 28/36 MP: 2/2
  1488 | D:3      | Noticed Sigmund
  1500 | D:3      | Killed Sigmund
  1500 | D:3      | Reached ** piety under Trog
  1500 | D:3      | Reached skill level 4 in Unarmed Combat
  1500 | D:3      | Reached XP level 4. HP: 34/46 MP: 3/3
  1500 | D:3      | Reached XP level 5. HP: 39/53 MP: 4/4
  1550 | D:3      | Noticed Robin
  1573 | D:3      | Killed Robin
  1704 | D:3      | Noticed Jessica
  1726 | D:3      | Reached XP level 6. HP: 35/62 MP: 5/5
  1740 | D:3      | Killed Jessica
  1928 | D:3      | Reached *** piety under Trog
  2046 | D:3      | Reached skill level 5 in Unarmed Combat
  2264 | D:4      | Noticed Blork the orc
  2267 | D:4      | Reached XP level 7. HP: 68/68 MP: 6/6
  2269 | D:4      | Killed Blork the orc
  2358 | D:4      | Noticed Grinder
  2366 | D:4      | Killed Grinder
  2366 | D:4      | Reached skill level 1 in Stealth
  2376 | D:4      | Reached skill level 6 in Unarmed Combat
  2381 | D:4      | Noticed Eustachio
  2385 | D:4      | Noticed Dowan
  2386 | D:4      | Noticed Duvessa
  2407 | D:4      | Killed Dowan
  2418 | D:4      | Killed Duvessa
  2418 | D:4      | Reached skill level 5 in Dodging
  2459 | D:4      | Reached XP level 8. HP: 34/79 MP: 7/7
  2589 | D:4      | Killed Eustachio
  2897 | D:4      | Got a brightly glowing great sword
  2898 | D:4      | Identified the +2 great sword of Ituhiz {holy, rPois Dex+3} (You found it on level 4 of the Dungeon)
  3097 | D:5      | Entered Level 5 of the Dungeon
  3189 | D:5      | Found a staircase to the Ecumenical Temple.
  3207 | D:5      | Reached skill level 5 in Fighting
  3232 | D:5      | Reached skill level 1 in Long Blades
  3243 | D:5      | Noticed Edmund
  3249 | D:5      | Killed Edmund
  3291 | D:5      | Noticed Pikel
  3301 | D:5      | Killed Pikel
  3301 | D:5      | Reached skill level 7 in Dodging
  3301 | D:5      | Reached XP level 9. HP: 45/88 MP: 8/8
  3695 | D:5      | Noticed Menkaure
  3700 | D:5      | Killed Menkaure
  3934 | D:5      | Reached **** piety under Trog
  4538 | D:6      | Found a glowing drain.
  4542 | Sewer    | Entered a sewer
  4620 | Sewer    | Reached skill level 8 in Dodging
  4646 | Sewer    | Found a white marble altar of Elyvilon.
  4865 | D:7      | Found a stormy altar of Qazlal.
  4888 | D:7      | Reached skill level 1 in Maces & Flails
  5159 | D:7      | Found a sacrificial altar of Ru.
  5503 | D:8      | Reached XP level 10. HP: 98/98 MP: 9/9
  6104 | D:8      | HP: 3/98 [something (6)]
  6104 | D:8      | Slain by an unseen horror

Action                   |  1- 3 |  4- 6 |  7- 9 | 10-12 || total
-------------------------+-------+-------+-------+-------++-------
Melee: Unarmed           |    87 |   133 |   162 |       ||   382
       Great sword       |       |       |   150 |       ||   150
       Dire flail        |       |       |   152 |    55 ||   207
Invok: Berserk           |     1 |     1 |     4 |     1 ||     7
       Trog's Hand       |       |       |     5 |     3 ||     8
       Burn Spellbooks   |       |       |     1 |       ||     1
  Use: Scroll            |       |       |    15 |       ||    15
 Stab: Sleeping          |     2 |     2 |     7 |       ||    11
       Distracted        |       |       |     1 |       ||     1
  Eat: Chunk             |    18 |     8 |    38 |     6 ||    70
       Bread ration      |       |       |     1 |       ||     1
